Cogmind - Beta 11 @@@ ROGUE MODE // 2022.03.17 @ 21:32:11 Player: Morgweiler Result: Destroyed by S-10 Pest with Light Assault Rifle Performance ------------- Evolutions (2) 1000 Regions Visited (3) 600 Robots Destroyed (50) 250 Value Destroyed (1270) 1270 Prototype IDs (5) 100 Alien Tech Used (0) 0 Bonus (256) 256 TOTAL SCORE: 3476 Bonus ------- High Alert Combat Kills 256 Cogmind --------- Core Integrity 0/550 Matter 165/300 Energy 100/100 System Corruption 2% Temperature Cool (18) Movement Core (50) Location -8/Materials Parts ------- > --- POWER (2) -------- (None) > --- PROPULSION (3) --- (None) > --- UTILITY (4) ------ (None) > --- WEAPON (2) ------- (None) > --- INVENTORY (5) ---- Improved Flight Unit Melee Analysis Suite Particle Gun Missile Launcher Peak State ------------ > --- POWER ------------ Heavy Ion Engine Cooled Ion Engine > --- PROPULSION ------- Airjet Airjet > --- UTILITY ---------- Heat Sink Weight Redist. System Weight Redist. System > --- WEAPON ----------- Missile Launcher Missile Launcher > --- INVENTORY -------- Improved Ion Engine Aluminum Leg Improved Flight Unit Improved Assault Rifle Datajack [Rating: 24] Favorites ----------- Power Improved Ion Engine Engine Improved Ion Engine Propulsion Aluminum Leg Treads Light Treads Leg Aluminum Leg Hover Unit Airjet Flight Unit Flight Unit Utility Heat Sink Device Heat Sink Storage Small Storage Unit Protection Medium Armor Plating Weapon Light Cannon Energy Gun EM Pulse Gun Ballistic Gun Heavy Assault Rifle Ballistic Cannon Light Cannon Launcher Missile Launcher Special Melee Weapon Datajack Build | -11 -10 -9 -8 ------- Run | Scr Mat Mat Mat Slots Evolved 4 | . . 2 2 Power 1 | . . 1 . Propulsion 1 | . . . 1 Utility 2 | . . 1 1 Weapon . | . . . . Parts Attached 49 | 6 15 26 2 Power 10 | 1 2 7 . Engine 10 | 1 2 7 . Core . | . . . . Reactor . | . . . . Propulsion 15 | 2 5 7 1 Treads 3 | . . 3 . Leg 6 | 2 2 1 1 Wheel . | . . . . Hover 4 | . 1 3 . Flight 2 | . 2 . . Utility 9 | 1 3 5 . Device 7 | . 3 4 . Storage 1 | 1 . . . Processor . | . . . . Hackware . | . . . . Protection 1 | . . 1 . Artifact . | . . . . Weapon 15 | 2 5 7 1 Energy Gun 3 | 2 1 . . Energy Cannon . | . . . . Ballistic Gun 3 | . . 3 . Ballistic Cannon 3 | . 3 . . Launcher 5 | . 1 4 . Special Weapon . | . . . . Impact Weapon . | . . . . Slashing Weapon . | . . . . Piercing Weapon . | . . . . Special Melee Weapon 1 | . . . 1 Unidentified Prototypes 3 | . . 3 . Parts Lost 19 | . 4 5 10 Power 4 | . 1 1 2 Propulsion 5 | . . 2 3 Utility 6 | . 2 1 3 Weapon 4 | . 1 1 2 Highest Loss Streak 10 | . 3 3 10 To Critical Strikes 1 | . . 1 . Average Slot Usage (%) 87 | . 91 89 51 Engine 17 | . 14 20 12 Treads 3 | . . 6 . Leg 11 | . 21 7 . Hover 5 | . 4 5 11 Device 21 | . 17 23 16 Storage 1 | . 3 . . Protection 2 | . . 4 . Energy Gun 5 | . 16 . . Ballistic Gun 4 | . . 7 . Ballistic Cannon 8 | . 10 8 . Launcher 4 | . . 5 6 Naked Turns 22 | . . . 22 Heaviest Build 30 | 12 13 30 28 Greatest Support 40 | 20 20 40 22 Greatest Overweight (x) 2 | . 2 2 2 Average Overweight (x) . | . . . . Largest Inventory Capacity 8 | 8 8 5 5 Average Capacity 5 | 7 5 5 5 Most Carried 5 | 2 5 5 5 Average Carried 3 | . 3 3 4 Final Capacity 8 | 8 5 5 5 Final Carried 4 | 1 3 3 4 Class Distribution -------------------- 72% | Mutant 27% | Scavenger-Mutant Dominant Class ---------------- Mutant | -10/Materials Mutant | -9/Materials Mutant | -8/Materials Resources | -11 -10 -9 -8 ----------- Run | Scr Mat Mat Mat Matter Collected 1180 | 254 286 620 20 Remotely . | . . . . Salvage Created 1140 | . 293 847 . Parts 86 | . 25 61 . Haulers Intercepted 1 | . . 1 . Recyclers Shooed . | . . . . Parts Field Recycled . | . . . . Retrieved Matter . | . . . . Parts Self-Destructed . | . . . . Prevented . | . . . . Kills | -11 -10 -9 -8 ------- Run | Scr Mat Mat Mat Combat Hostiles Destroyed 38 | . 10 28 . Guns 7 | . 2 5 . Cannons 14 | . 4 10 . AOE 17 | . 4 13 . Classes Destroyed 11 | . 5 6 . Worker 1 | . . 1 . Builder 1 | . . 1 . Hauler 1 | . . 1 . Recycler 2 | . 1 1 . Mechanic 1 | . . 1 . Operator 3 | . 2 1 . Watcher 3 | . 2 1 . Swarmer 13 | . 6 7 . Grunt 17 | . 4 13 . Duelist 2 | . . 2 . Sentry 6 | . . 6 . Best Kill Streak 9 | . 5 9 . Combat Bots Only 5 | . 3 5 . Max Kills in Single Turn 4 | . 1 4 . Gunslinging . | . . . . Exploded 2 | . 1 2 . Melee . | . . . . Uniques/NPCs Destroyed . | . . . . Combat | -11 -10 -9 -8 -------- Run | Scr Mat Mat Mat Damage Taken 2505 | . 587 1009 909 Core 859 | . 102 202 555 Absorbed by Shields . | . . . . Regen/Repaired (Parts) 48 | . . 48 . Core Remaining (%) 69 | 100 59 49 . Volleys Fired 111 | . 41 70 . Largest 2 | . 2 2 . Hottest 80 | . 80 72 . Shots Fired 203 | . 71 132 . Gun 83 | . 41 42 . Cannon 83 | . 25 58 . Launcher 37 | . 5 32 . Special . | . . . . Kinetic 125 | . 25 100 . Thermal 16 | . 16 . . Explosive 37 | . 5 32 . Electromagnetic 25 | . 25 . . Robot Hit Streak 9 | . 8 9 . Robot Miss Streak 6 | . 6 5 . Penetration Max . | . . . . Secondary Targets . | . . . . Shots Hit Robots 96 | . 29 63 4 Core Hits 77 | . 21 52 4 Critical Kills . | . . . . Critical Parts Destroyed . | . . . . Critical Strikes 5 | . . 5 . Blast 5 | . . 5 . Melee Attacks 4 | . . . 4 Impact . | . . . . Slashing . | . . . . Piercing . | . . . . Sneak Attacks 3 | . . . 3 Combat Hostiles . | . . . . Follow-up Attacks . | . . . . Damage Inflicted 3241 | . 718 2460 63 Guns 640 | . 191 449 . Cannons 702 | . 258 444 . Explosions 1836 | . 269 1567 . Melee . | . . . . Ramming 63 | . . . 63 Kinetic 1151 | . 258 893 . Thermal 118 | . 118 . . Explosive 1794 | . 227 1567 . Electromagnetic 115 | . 115 . . Impact . | . . . . Slashing . | . . . . Piercing . | . . . . Highest Corruption 2 | . . . 2 Average Corruption 2 | . . . 2 Corruption Purged . | . . . . Corruption Blocked . | . . . . Overload Shots . | . . . . Overflow Damage 39 | . 27 12 . Projectiles 17 | . 9 8 . Explosions 22 | . 18 4 . Melee . | . . . . Knockbacks 6 | . . 6 . Impact . | . . . . Kinetic 6 | . . 6 . Secondary . | . . . . Self-Inflicted Damage 89 | . 46 19 24 Shots 3 | . 2 1 . Rammed 21 | . . . 21 Targets Rammed 28 | . . . 28 Kicked 7 | . . . 7 Crushed . | . . . . Highest Temperature 195 | . 195 174 5 Average Temperature 50 | . 47 54 5 Received Heat Transfer 567 | . 90 342 135 Siege Activations . | . . . . Robots Corrupted . | . . . . Combat Hostiles . | . . . . Parts Fried . | . . . . Impact Corruptions . | . . . . Robots Melted . | . . . . Combat Hostiles . | . . . . Parts Melted . | . . . . Heat Transferred 175 | . 175 . . Parts Sabotaged . | . . . . Parts Stolen . | . . . . Parts Stripped . | . . . . Power Chain Reactions 1 | . 1 . . Missiles Intercepted . | . . . . Alert | -11 -10 -9 -8 ------- Run | Scr Mat Mat Mat Peak Influence 1265 | . 273 1265 534 Initial 534 | . . 115 534 Average 347 | . 82 476 511 Maximum Alert Level 4 | . 1 4 2 Low Security (%) 36 | 100 81 15 . Level 1 18 | . 18 20 . Level 2 39 | . . 54 100 Level 3 4 | . . 6 . Level 4 2 | . . 3 . Level 5 . | . . . . High Security . | . . . . Max Security . | . . . . Squads Dispatched 6 | . 1 5 . Investigation 1 | . . 1 . Extermination . | . . . . Reinforcement 4 | . 1 3 . Assault 1 | . . 1 . Garrison . | . . . . Intercept . | . . . . Searches Triggered 1 | . . 1 . Construction Impeded . | . . . . Haulers Reinforced . | . . . . Active Scanning Responses . | . . . . Cargo Convoy Interrupts . | . . . . Stealth | -11 -10 -9 -8 --------- Run | Scr Mat Mat Mat Distress Signals 3 | . . 2 1 Communications Jammed . | . . . . Distress Signals . | . . . . Times Spotted 87 | . 18 59 10 Peak Tracking Total 9 | . 4 9 9 Tactical Retreats 8 | . 2 5 1 Traps | -11 -10 -9 -8 ------- Run | Scr Mat Mat Mat Traps Triggered . | . . . . Indirectly . | . . . . Trap Hack Attempts . | . . . . Triggered . | . . . . Disarmed . | . . . . Reprogrammed . | . . . . Reused . | . . . . Traps Extracted . | . . . . Installed . | . . . . Triggered . | . . . . Machines | -11 -10 -9 -8 ---------- Run | Scr Mat Mat Mat Machines Disabled 3 | . 1 2 . Max in Single Turn 1 | . 1 1 . Machines Sabotaged . | . . . . Garrisons Compromised . | . . . . Overloaded Fab Kills . | . . . . Hacking | -11 -10 -9 -8 --------- Run | Scr Mat Mat Mat Machines Accessed 13 | . 5 7 1 Terminals 8 | . 3 4 1 Fabricators . | . . . . Repair Stations 1 | . . 1 . Recycling Units 3 | . 2 1 . Scanalyzers 1 | . . 1 . Garrison Access . | . . . . Total Hacks 41 | . 16 24 1 Successful 28 | . 10 18 . Failed 13 | . 6 6 1 Catastrophic 1 | . . . 1 Database Lockouts . | . . . . Manual . | . . . . Terminals 22 | . 8 13 1 Fabricators . | . . . . Repair Stations 2 | . . 2 . Recycling Units 12 | . 8 4 . Scanalyzers 5 | . . 5 . Garrison Access . | . . . . Terminal Hacks 12 | . 4 8 . Record 4 | . 1 3 . Robot Analysis 2 | . 1 1 . Prototype ID Bank 1 | . . 1 . Emergency Access Points 1 | . . 1 . Recycling Unit Index 1 | . . 1 . Reinforcement Status 1 | . 1 . . Registered Components 1 | . 1 . . Zone Layout 1 | . . 1 . Fabricator Hacks . | . . . . Repair Station Hacks 2 | . . 2 . Scan Component 1 | . . 1 . Repair 1 | . . 1 . Recycling Unit Hacks 9 | . 6 3 . Recycle Component 3 | . 2 1 . Process 4 | . 3 1 . Retrieve Matter 2 | . 1 1 . Scanalyzer 5 | . . 5 . Insert Component 4 | . . 4 . Analyze 1 | . . 1 . Garrison Access Hacks . | . . . . Unauthorized Hacks . | . . . . Terminals . | . . . . Fabricators . | . . . . Repair Stations . | . . . . Recycling Units . | . . . . Scanalyzers . | . . . . Garrison Access . | . . . . Data Cores Recovered 2 | . 1 1 . Used . | . . . . Hacking Detections 13 | . 5 7 1 Full Trace Events 3 | . 2 1 . Feedback Events . | . . . . Feedback Blocked . | . . . . Robot Schematics Acquired . | . . . . Robots Built . | . . . . Authchips . | . . . . Time . | . . . . Total Robot Build Rating . | . . . . Part Schematics Acquired 1 | . . 1 . Parts Built . | . . . . Authchips . | . . . . Time . | . . . . Total Part Build Rating . | . . . . Parts Repaired 1 | . . 1 . Time 51 | . . 51 . Parts Recycled 3 | . 2 1 . Recycled Matter 261 | . 121 140 . Retrieved Matter 222 | . 3 219 . Retrieved Components . | . . . . Parts Scanalyzed 1 | . . 1 . Part Schematics Acquired 1 | . . 1 . Parts Damaged . | . . . . Bothacking | -11 -10 -9 -8 ------------ Run | Scr Mat Mat Mat Used RIF Installer . | . . . . Robots Hacked 2 | . . . 2 Non-combat 2 | . . . 2 Combat . | . . . . Robot Hacks Applied 3 | . . . 3 parse_system 2 | . . . 2 no_distress 1 | . . . 1 Relay Couplers Released . | . . . . Fabnet Peak Effective % . | . . . . Robots Rewired . | . . . . Allies Hacked . | . . . . Hacks Repelled . | . . . . Allies | -11 -10 -9 -8 -------- Run | Scr Mat Mat Mat Total Allies . | . . . . Largest Group . | . . . . Highest-Rated Group . | . . . . Highest-Rated Ally . | . . . . Total Orders . | . . . . Ally Attacks . | . . . . Total Damage . | . . . . Kills . | . . . . Allies Corrupted . | . . . . Allies Melted . | . . . . Intel | -11 -10 -9 -8 ------- Run | Scr Mat Mat Mat Robot Analysis Total 2 | . 1 1 . Derelict Logs Recovered . | . . . . Drone Launches . | . . . . Drone Recoveries . | . . . . Exploration | -11 -10 -9 -8 ------------- Run | Scr Mat Mat Mat Turns Passed 2450 | 60 743 1489 158 Spaces Moved 1361 | 43 465 748 105 Core 23 | 6 . . 17 Treads 195 | . . 195 . Legs 619 | 37 290 289 3 Wheels . | . . . . Hover 504 | . 155 264 85 Flight 20 | . 20 . . Fastest Speed 50 | 50 117 116 50 Average Speed 141 | 110 125 157 107 Slowest Speed 260 | 120 190 260 150 Overloaded Moves . | . . . . Propulsion Burnouts . | . . . . Robots Hopped . | . . . . Cave-ins Triggered . | . . . . Exploration Rate (%) 37 | 4 76 55 14 Regions Visited 3 Branch Regions . Pre-discovered Areas . | . . . . Known Exits Taken . | . . . . Unknown Exits Taken 3 | 1 1 1 . Scrap Searched . | . . . . Spaces Dug 24 | . 8 16 . Terrain Destroyed 273 | . 33 240 . Melee . | . . . . Projectile . | . . . . AOE 273 | . 33 240 . Terrain Rammed . | . . . . Walls Destroyed . | . . . . Machines Disabled . | . . . . Actions | -11 -10 -9 -8 --------- Run | Scr Mat Mat Mat Total 1691 | 55 561 933 142 Wait 51 | . 12 39 . Move 1358 | 42 464 747 105 Hop . | . . . . Pick Up 50 | 7 16 25 2 Fast Attach . | . . . . Attach 46 | 6 14 24 2 Detach 16 | . 5 10 1 Swap 4 | . 1 3 . Drop 23 | . 8 15 . Fire 111 | . 41 70 . Melee 4 | . . . 4 Ram 21 | . . . 21 Kick 7 | . . . 7 Crush . | . . . . Escape Stasis . | . . . . Rewire . | . . . . Trap . | . . . . Miscellaneous . | . . . . Route ------- -11/Scrapyard -10/Materials (discovered 3 exits: *Mat / [*Min x2]) -9/Materials (discovered 2 exits: *Mat x2) -8/Materials (discovered 1 exit: [*Sto]) History --------- Turn | Location | Event 11 | -11/Scrapyard | Discovered new exit (range 16) 61 | -11/Scrapyard | Entered Materials 306 | -10/Materials | Build established: Mutant 307 | -10/Materials | Discovered new exit (range 14) 382 | -10/Materials | Lost 3 parts (1p1u1w) 653 | -10/Materials | Discovered new exit (range 10) 760 | -10/Materials | Discovered new exit (range 15) 804 | -10/Materials | Entered another Materials area 804 | -9/Materials | Evolved 2 slots: Power x1, Utility x1 1137 | -9/Materials | Lost 3 parts (1p1n1w) 1204 | -9/Materials | Search patrols dispatched 1226 | -9/Materials | Discovered new exit (range 10) 1642 | -9/Materials | Build established: Scavenger-Mutant 2004 | -9/Materials | First assault squad dispatched 2164 | -9/Materials | Core integrity fell below 50% 2259 | -9/Materials | Discovered new exit (range 13) 2266 | -9/Materials | Repaired Imp. Assault Rifle? 2293 | -9/Materials | Entered another Materials area 2293 | -8/Materials | Evolved 2 slots: Propulsion x1, Utility x1 2297 | -8/Materials | Build established: Mutant 2314 | -8/Materials | Discovered new exit (range 14) 2422 | -8/Materials | Core integrity fell below 50% 2449 | -8/Materials | Core integrity fell below 20% 2451 | -8/Materials | Destroyed by S-10 Pest with Light Assault Rifle Last Messages --------------- 02416_ Destabilizing: System corrupted (+2). 02418_ Slammed into W-25 Informer. 02419_ K-01 Serf collects debris. 02420_ Slammed into S-10 Pest. 02421_ Slammed into W-25 Informer. 02422_ Slammed into R-06 Scavenger. 02423_ Slammed into S-10 Pest. 02423_ K-01 Serf collects debris. 02424_ Slammed into S-10 Pest. 02430_ Slammed into W-25 Informer. 02431_ Acquired 1 matter. 02431_ Acquired 2 matter. 02431_ Slammed into W-25 Informer. 02436_ Kicked S-10 Pest out of the way. 02439_ Kicked S-10 Pest. 02444_ Kicked S-10 Pest out of the way. 02446_ Aluminum Leg destroyed. 02446_ Slammed into S-10 Pest. 02448_ Critical hit (Burn: +37). 02448_ Slammed into S-10 Pest. Map ----- +----------------------------------------------------+ | ?????????????????????????????????????????????????? | | ?????????????????????????????????????????????????? | | ?????????????????????????????????????????????????? | | ?????????????????????????????????????????????????? | | ?????????????????????????????????????????????????? | | ?????????????????????????????????????????????????? | | ?????????????????????????????????????????????????? | | ?????????????????????????????????????????????????? | | ?????????????????????????????????????????????????? | | ?????????????????????????????????????????????????? | | ?????????????????????????????????????????????????? | | ?????????????????????????????????????????????????? | | ?????????????????????????????????????????????????? | | ?????????????#???????????????????????????????????? | | ?????????????# ??????????????????????????????????? | | ?????????????# ???????????????#?????????????????? | | ?????????????# ????????????? #?????????????????? | | ????????????## #??????????? ??????????????????? | | ???????###### ##########+####????????????????? | | ????? #????????????????? | | ????? T w #????????????????? | | ?????? " #????????????????? | | ???????###### ####### Y ""k #????????????????? | | ????????????## ??????#g "" ###??????????????? | | ?????????????# ???????# g""" # ???????????? | | ?????????????#!!????????#@s"" ???????????? | | ?????????????#!?????????# s""" # ???????????? | | ?????????????##?????????# """ #################? | | ????????????????????????# """ # ## #? | | ????????????????????????# " # """"" ## #? | | ????????????????????????# r # """"" + < #? | | ????????????????????????# # """"" ## #? | | ????????????????????????# " + ## #? | | ????????????????????????# "" #""" ### ##? | | ????????????????????????# "" #"T #?# #?? | | ????????????????######### """ #""" #?# #?? | | ????????? "" # #?# #?? | | ????????? """ ##########?# #?? | | ????????? r""" #??????????# #?? | | ??????????###+########### """ #??????????# ### | | ????????????????????????# " #??????????# | | ????????????????????????# #??????????/ | | ????????????????????????# #??????????# | | ????????????????????????# #??????????## " | | ????????????????????????# ????????????# " | | ????????????????????????# #???????????# " | | ????????????????????????# #???????????# | | ????????????????????????? ??????????? | | ????????????????????????? ????????? | | ????????????????????????? [??????????"" | +----------------------------------------------------+ Best States ------------- Heat Dissipation 48 Energy Generation 23 Energy Capacity 460 Matter Stores 300 Matter Capacity 300 Sight Range 16 Robot Scan Range 14 Terrain Scan Density 10 ECM Strength 1 Additional Mass Support 6 Armor Coverage 225 Evasion (%) 55 Recoil Reduction 2 Item Schematics ----------------- Imp. Ion Engine | -9/Materials | Scanalyzed Robot Schematics ------------------ None Fabricated ------------ Nothing Alien Tech Used ----------------- None Achievements -------------- None Challenges ------------ None Game ------ Seed WaveSlugDriver Manual? 0 Play Time 00:34:54 Cumulative 50.2 hours Start 2022.03.17 @ 20:59:23 End 2022.03.17 @ 21:32:11 Sessions 1 Manual Loads 0 Difficulty Rogue Special Mode None Game No. 57 Rogue 48 Adventurer 4 Explorer 5 Win Type - Total 0 Types 0/0/0/0/0/0/0/0/0 Lore% 25 Gallery% 33 Achievement% 26 Wizard Run 0 Options --------- ASCII 0 Keyboard 1 Movement Numpad Keybinds 0 Fullscreen 2 Font 18/SmallcapsGlow Map View 76x50 Tactical HUD 1 Map Filters NONE Filters NONE Steam 1 RUN: 711df935-bf14-4e7f-9869-687838c295c5